 Dungeon Crawl Stone Soup version 0.26.1-11-gd32895ea62 (webtiles) character file.

Game seed: 1626234164898873815

227 phalm the Chiller (level 5, -2/35 HPs)
             Began as a Demonspawn Ice Elementalist on June 12, 2021.
             Slain by an orc priest
             ... wielding a +0 short sword
              (4 damage)
             ... on level 3 of the Dungeon.
             The game lasted 00:07:04 (3077 turns).

phalm the Chiller (Demonspawn Ice Elementalist)     Turns: 3077, Time: 00:07:04

Health: -2/35      AC:  5    Str:  8    XL:     5   Next: 70%
Magic:  0/12       EV: 14    Int: 18    God:
Gold:   141        SH:  0    Dex: 13    Spells: 6/13 levels left

rFire    . . .     SeeInvis +   g - +0 spear
rCold    . . .     Faith    .   (no shield)
rNeg     . . .     Spirit   .   a - +0 robe
rPois    .         Reflect  .   (no helmet)
rElec    .         Harm     .   c - +1 cloak
rCorr    .         Rampage  .   (no gloves)
Will     .....     Rnd*Tele +   e - +0 pair of boots
Stlth    ++........             (no amulet)
HPRegen  0.11/turn              v - ring of see invisible
MPRegen  0.13/turn              t - ring of teleportation (curse)

@: no status effects
A: claws 1, repulsion field 1, powered by death 1
a: no special abilities


You were on level 3 of the Dungeon.
You visited 1 branch of the dungeon, and saw 3 of its levels.

You collected 141 gold pieces.


Innate Abilities, Weirdness & Mutations

You have sharp fingernails.
You are surrounded by a mild repulsion field. (EV +2)
You regenerate a little health from kills.


   Skills:
 - Level 1.7 Dodging
 - Level 1.7 Stealth
 * Level 4.7 Spellcasting
 + Level 4.7 Ice Magic


You had 6 spell levels left.
You knew the following spells:

 Your Spells              Type           Power        Failure   Level
f - Freeze                Ice            84%          1%          1
o - Ozocubu's Armour      Ice            21%          6%          3
r - Frozen Ramparts       Ice            42%          6%          3

Your spell library contained the following spells:

 Spells                   Type           Power        Failure   Level
 Hailstorm                Conj/Ice       12%          45%         4
 Summon Ice Beast         Ice/Summ       12%          45%         4

Inventory:

Hand Weapons
 g - a +0 spear (weapon)
   (You took it off a hobgoblin on level 1 of the Dungeon)
Missiles
 d - 45 stones (quivered)
 i - 15 sling bullets
 n - 19 bolts
Armour
 a - a +0 robe (worn)
 c - a +1 cloak (worn)
   (You found it on level 1 of the Dungeon)
 e - a +0 pair of boots (worn)
   (You found it on level 1 of the Dungeon)
Jewellery
 t - a cursed ring of teleportation (right claw)
   (You found it on level 1 of the Dungeon)
 v - a ring of see invisible (left claw)
   (You found it on level 1 of the Dungeon)
Scrolls
 b - 4 scrolls of teleportation {unknown}
 k - 2 scrolls of identify {unknown}
 o - a scroll of amnesia {unknown}
Potions
 f - 2 potions of brilliance {unknown}
 h - 4 potions of curing {unknown}
 j - a potion of might {unknown}
 l - a potion of degeneration {unknown}
 m - a potion of magic {unknown}
 p - a potion of mutation {unknown}

Dungeon Overview and Level Annotations

Branches:
Dungeon (3/15)

Altars:
Fedhas
Qazlal
Yredelemnul

.♣.♣♣♣≈.≈PP♣≈≈.#
..
..≈≈≈≈≈.≈≈≈...)#
..
♣PP≈≈≈).♣PP.## #
#.
#♣♣♣♣♣P≈♣♣♣♣♣♣#
#.#. #.# ♣≈.≈♣
#.#.##.##♣♣.≈♣♣
#.........♣≈≈♣♣
#.[..o.##.♣≈..♣
#.!).#@##....##
#..)##.#######
.....o. ..#
######(#### #(
#. #. #.


You could see an orc priest.


Message History

Aim: an orc priest, wielding a +0 short sword (56% to hit)
You throw a stone.
The stone hits the orc priest but does no damage.
The frozen ramparts melt away.
The orc priest mumbles some strange prayers to Beogh against you.
You barely resist.
Casting: Ozocubu's Armour (dangerous; 6% risk of failure)
Confirm with . or Enter, or press ? or * to list all spells.
You can't see any susceptible monsters within range! (Use Z to cast anyway.)
Casting: Ozocubu's Armour (dangerous; 6% risk of failure)
Confirm with . or Enter, or press ? or * to list all spells.
Casting: Frozen Ramparts (dangerous; 6% risk of failure)
Press: ? - help, Dir - look around, f - activate You miscast Frozen Ramparts.
You are very lightly contaminated with residual magic.
Nothing appears to happen. 😮 MP[-3]
You lost 3 mp, and now have 3/12 mp.
Casting: Frozen Ramparts (dangerous; 6% risk of failure)
Confirm with . or Enter, or press ? or * to list all spells.
Casting: Frozen Ramparts (dangerous; 6% risk of failure)
Press: ? - help, Dir - look around, f - activate The walls around you are covered in ice.
The orc priest begins to cast a cantrip, but forgets the words! 😮 MP[-3]
You lost 3 mp, and now have 0/12 mp.
You are too injured to fight recklessly!
Throw: 50 stones
Press: ? - help, Q - select action, (/) - cycle Shift-Dir - straight line, f - orc priest
Aim: an orc priest, wielding a +0 short sword (56% to hit)
You throw a stone.
The stone hits the orc priest but does no damage.
Throw: 49 stones
Press: ? - help, Q - select action, (/) - cycle Shift-Dir - straight line, f - you
Okay, then.
Throw: 49 stones
Press: ? - help, Q - select action, (/) - cycle Shift-Dir - straight line, f/p - orc priest
Aim: an orc priest, wielding a +0 short sword (56% to hit)
You throw a stone.
The stone barely misses the orc priest. 😮 MP[+1] 😮 HP[+1] Throw: 48 stones
Press: ? - help, Q - select action, (/) - cycle Shift-Dir - straight line, f/p - orc priest
Aim: an orc priest, wielding a +0 short sword (56% to hit)
You throw a stone.
The stone closely misses the orc priest.
Your magical contamination has completely faded away.
Throw: 47 stones
Press: ? - help, Q - select action, (/) - cycle Shift-Dir - straight line, f/p - orc priest
Aim: an orc priest, wielding a +0 short sword (56% to hit)
You throw a stone.
The stone hits the orc priest but does no damage.
The orc priest mumbles some strange prayers to Beogh against you.
Beogh smites you!
* * * LOW HITPOINT WARNING * * *
😨 HP[-12]
You take 12 damage, and now have 11/35 hp.
MASSIVE DAMAGE!! (PAUSE)
Okay, then.
Throw: 46 stones
Press: ? - help, Q - select action, (/) - cycle Shift-Dir - straight line, f/p - orc priest
Aim: an orc priest, wielding a +0 short sword (56% to hit)
You throw a stone. The stone barely misses the orc priest.
The frozen ramparts melt away.
An orc priest is nearby!
Your icy armour will break if you move.
Continue?
Okay, then.
Your icy armour will break if you move.
Continue?
Your icy armour cracks and falls away as you move. 😨 MP[+1]
An orc priest is nearby! 😨 HP[+1]
You closely miss the orc priest.
The orc priest hits you with a +0 short sword.
* * * LOW HITPOINT WARNING * * *
😨 HP[-2]
You take 2 damage, and now have 10/35 hp.
You hit the orc priest.
The orc priest invokes the aid of Beogh against you.
Pain shoots through your body!
* * * LOW HITPOINT WARNING * * *
😱 HP[-8]
You take 8 damage, and now have 2/35 hp.
MASSIVE DAMAGE!! (PAUSE)
Casting: Frozen Ramparts (dangerous; 6% risk of failure)
Confirm with . or Enter, or press ? or * to list all spells.
Aiming: Freeze (safe; 1% risk of failure)
Press: ? - help, Shift-Dir - straight line, f/p - orc priest
Aim: an orc priest, wielding a +0 short sword (lightly wounded)
You freeze the orc priest.
The orc priest barely misses you. 😱 MP[-1]
You lost 1 mp, and now have 1/12 mp.
Casting: Freeze (safe; 1% risk of failure)
Confirm with . or Enter, or press ? or * to list all spells.
Aiming: Freeze (safe; 1% risk of failure)
Press: ? - help, Shift-Dir - straight line, f/p - orc priest
Aim: an orc priest, wielding a +0 short sword (moderately wounded)
You freeze the orc priest.
The orc priest hits you with a +0 short sword.
You die...

Skill      XL: |  1  2  3  4 |
---------------+-------------+-----
Spellcasting   | 3 4 |  4.7
Ice Magic      | 4 |  4.7
Dodging        | |  1.7
Stealth        | |  1.7

Action                   |  1- 3 |  4- 6 || total
-------------------------+-------+-------++-------
Melee: Unarmed           |     2 |       ||     2
       Spear             |    32 |    31 ||    63
Throw: Stone             |   112 |    51 ||   163
 Cast: Freeze            |    61 |    20 ||    81
       Frozen Ramparts   |     2 |     7 ||     9
       Ozocubu's Armour  |     1 |     2 ||     3
 Stab: Sleeping          |     1 |       ||     1
Armor: Robe              |    16 |     8 ||    24
Dodge: Dodged            |    42 |    21 ||    63

Levels and vault maps discovered:
D:1:      lightli_arrival_flooded_house, layout_basic, serial_curves,
          eino_curves_01, eino_curves_01
D:2:      minmay_general_purpose_star, layout_basic, lemuel_round_altar,
          lemuel_zombie_altar_yredelemnul, fedhas_altar_3
D:3:      layout_loops_corners, serial_bayou_crossing

Notes
Turn   | Place    | Note
-------+----------+-------------------------------------------
     0 | D:1      | phalm the Demonspawn Ice Elementalist began the quest for
                  | the Orb.
     0 | D:1      | Reached XP level 1. HP: 13/13 MP: 3/3
     0 | D:1      | magus.rc [v1.9.10]
   223 | D:1      | Gained mutation: You have sharp fingernails. [demonic
                  | ancestry]
   223 | D:1      | Reached XP level 2. HP: 19/19 MP: 1/5
  1229 | D:2      | Reached skill level 3 in Spellcasting
  1229 | D:2      | Reached skill level 4 in Ice Magic
  1229 | D:2      | Gained mutation: You are surrounded by a mild repulsion
                  | field. (EV +2) [demonic ancestry]
  1229 | D:2      | Reached XP level 3. HP: 24/24 MP: 2/7
  1231 | D:2      | Found a blossoming altar of Fedhas.
  1246 | D:2      | Learned a level 3 spell: Frozen Ramparts
  1250 | D:2      | Learned a level 3 spell: Ozocubu's Armour
  1689 | D:2      | Found a basalt altar of Yredelemnul.
  2115 | D:2      | Reached XP level 4. HP: 29/30 MP: 5/9
  2503 | D:2      | Found a stormy altar of Qazlal.
  2519 | D:2      | Reached skill level 4 in Spellcasting
  2954 | D:3      | Gained mutation: You regenerate a little health from kills.
                  | [demonic ancestry]
  2954 | D:3      | Reached XP level 5. HP: 35/35 MP: 6/11
  3075 | D:3      | HP: 2/35 [orc priest/nerve-wracking pain (8)]
  3077 | D:3      | Slain by an orc priest

Vanquished Creatures
  2 orc priests (D:3)
  An orc wizard (D:3)
  3 adders (D:2)
  4 gnolls (D:2)
  2 worms (D:2)
  3 dart slugs
  A leopard gecko (D:2)
  4 orcs (D:3)
  6 bats
  5 giant cockroaches
  2 gnoll zombies (D:2)
  5 hobgoblins
  3 jackals (D:2)
  9 kobolds
  2 ball pythons
  3 frilled lizards
  4 goblins
  6 rats
65 creatures vanquished.

Vanquished Creatures (others)
  6 fungi (D:2)
  12 plants
18 creatures vanquished.

Grand Total: 83 creatures vanquished

Table legend:
 A = Non-vault XP
 B = Vault XP
 C = Vault XP percentage of total XP
 D = Non-vault monster count
 E = Vault monster count
 F = Vault count percentage of total count
                 A         B        C        D         E       F
            +---------+---------+-------+---------+---------+-------
      Total |     319 |       6 |   1.8 |      62 |       3 |   4.6
            +---------+---------+-------+---------+---------+-------
        D:1 |      38 |       0 |   0.0 |      21 |       0 |   0.0
        D:2 |     148 |       6 |   3.9 |      34 |       3 |   8.1
        D:3 |     133 |       0 |   0.0 |       7 |       0 |   0.0
            +---------+---------+-------+---------+---------+-------

Illustrated notes

Table legend:
 A = Kills in this place as a percentage of kills in entire the game.
 B = Kills by you in this place as a percentage of kills by you in the entire game.
 C = Kills by friends in this place as a percentage of kills by friends in the entire game.
 D = Other kills in this place as a percentage of other kills in the entire game.
 E = Experience gained in this place as a percentage of experience gained in the entire game.
 F = Experience gained in this place divided by the number of levels of this place that you have seen.
                   A       B       C       D       E      F
               +-------+-------+-------+-------+-------+----------------------
         Total | 100.0 | 100.0 |   N/A |   N/A | 100.0 | 108.3
       Dungeon | 100.0 | 100.0 |   N/A |   N/A | 100.0 | 108.3
               +-------+-------+-------+-------+-------+----------------------

Table legend: (Time is in decaauts)
 A = Elapsed time spent in this place.
 B = Non-inter-level travel time spent in this place.
 C = Inter-level travel time spent in this place.
 D = Time resting spent in this place.
 E = Time spent auto-exploring this place.
 F = Levels seen in this place.
 G = Mean time per level.
                   A        B        C        D        E       F      G
               +--------+--------+--------+--------+--------+-----+--------+
         Total |   3104 |   3032 |     72 |      4 |   2537 |   3 | 1034.7 |
       Dungeon |   3104 |   3032 |     72 |      4 |   2537 |   3 | 1034.7 |
               +--------+--------+--------+--------+--------+-----+--------+

Top non-repeatable levels by time:
     D:2: 1688 daAuts
     D:1: 1217 daAuts
     D:3: 198 daAuts
